Map: Moonlight Madness LE (Void)

Players

lIlIlIlIlIlI (Neeb) - Winner!

  • Race: Protoss Protoss
  • League: Master

AcerBly (Bly)

  • Race: Zerg Zerg
  • League: Diamond

Event: Team Gravity's Fight Night #36

VOD

https://youtu.be/843jdf6c29Q?t=41m18s

Description

Time

  • Played on: Oct. 25, 2015, 6:05 p.m.
  • Length: 11:24

All games in this series

Show
View Real Time Build Order
Export as new Build Order

lIlIlIlIlIlI Protoss - Winner!

Build Orders: 1 Gate Expand, Phoenix Opening 

Get SALT Encoding   

  12  0:01  Probe (Chrono Boost)  
  13  0:11  Probe (Chrono Boost)  
  14  0:20  Pylon  
  14  0:22  Probe (Chrono Boost)  
  15  0:38  Probe (Chrono Boost), Gateway  
  16  0:49  Probe (Chrono Boost)  
  17  0:59  Probe (Chrono Boost)  
  18  1:10  Probe (Chrono Boost)  
  19  1:17  Nexus  
  19  1:25  Cybernetics Core  
  19  1:29  Probe (Chrono Boost)  
  19  1:31  Assimilator  
  20  1:37  Assimilator  
  20  1:41  Probe (Chrono Boost)  
  21  1:47  Pylon  
  21  1:51  Probe (Chrono Boost)  
  22  2:02  Probe (Chrono Boost)  
  22  2:05  Adept (Chrono Boost)  
  25  2:12  Warp Gate  
  25  2:13  Probe  
  26  2:25  Probe (Chrono Boost)  
  26  2:28  Probe (Chrono Boost)  
  26  2:29  Stalker (Chrono Boost)  
  30  2:37  Probe (Chrono Boost), Pylon  
  31  2:39  Probe (Chrono Boost)  
  32  2:46  Mothership Core (Chrono Boost)  
  32  2:50  Probe (Chrono Boost)  
  35  3:02  Probe (Chrono Boost)  
  36  3:06  Probe (Chrono Boost)  
  36  3:07  Assimilator x2  
  36  3:11  Stargate  
  36  3:12  Probe (Chrono Boost)  
  38  3:16  Probe (Chrono Boost)  
  39  3:23  Probe (Chrono Boost)  
  40  3:27  Probe (Chrono Boost)  
  40  3:33  Probe (Chrono Boost)  
  40  3:36  Stargate  
  40  3:38  Probe (Chrono Boost)  
  41  3:44  Probe (Chrono Boost)  
  41  3:45  Gateway  
  41  3:46  Gateway  
  41  3:48  Probe (Chrono Boost)  
  43  3:53  Probe (Chrono Boost)  
  43  3:54  Phoenix (Chrono Boost)  
  46  3:59  Probe  
  46  4:00  Pylon  
  47  4:03  Probe  
  48  4:11  Probe  
  48  4:14  Probe  
  48  4:16  Phoenix (Chrono Boost)  
  52  4:19  Phoenix (Chrono Boost)  
  52  4:23  Probe  
  55  4:24  Pylon  
  55  4:34  Probe  
  55  4:37  Probe  
  59  4:38  Phoenix (Chrono Boost)  
  59  4:41  Phoenix (Chrono Boost)  
  61  4:47  Sentry  
  63  4:55  Robotics Facility  
  63  4:58  Zealot x2  
  67  5:00  Phoenix (Chrono Boost)  
  67  5:01  Pylon  
  69  5:07  Pylon  
  69  5:09  Pylon  
  69  5:19  Phoenix (Chrono Boost)  
  71  5:22  Stalker x3  
  77  5:30  Phoenix (Chrono Boost)  
  77  5:31  Probe x2  
  81  5:41  Phoenix (Chrono Boost)  
  79  5:43  Probe x2  
  79  5:48  Pylon  
  79  5:52  Phoenix (Chrono Boost)  
  81  6:06  Immortal  
  81  6:08  Sentry  
  81  6:09  Probe x2  
  89  6:15  Pylon, Phoenix (Chrono Boost)  
  89  6:16  Pylon x2  
  89  6:17  Phoenix (Chrono Boost)  
  93  6:29  Probe  
  94  6:34  Probe  
  95  6:41  Probe  
  95  6:44  Nexus  
  95  6:45  Pylon  
  96  6:48  Pylon  
  96  6:56  Probe  
  96  6:57  Probe  
  96  6:58  Immortal (Chrono Boost)  
  96  6:59  Stalker x3  
  106  7:05  Robotics Bay  
  106  7:07  Probe  
  106  7:11  Forge  
  106  7:15  Twilight Council  
  107  7:17  Probe  
  107  7:18  Probe  
  109  7:28  Probe  
  109  7:29  Probe  
  110  7:35  Assimilator  
  110  7:36  Blink  
  111  7:39  Probe, Assimilator  
  111  7:41  Probe  
  111  7:50  Protoss Ground Weapons Level 1 (Chrono Boost)  
  111  7:51  Probe  
  112  7:53  Probe  
  112  7:56  Probe  
  117  7:59  Stalker  
  117  8:00  Stalker x2  
  125  8:07  Observer  
  121  8:24  Gateway  
  121  8:26  Gateway  
  121  8:27  Disruptor  
  121  8:29  Gateway x2  
  121  8:34  Gateway  
  124  8:37  Robotics Facility  
  124  8:44  Stalker  
  124  8:45  Stalker x2  
  130  8:48  Nexus  
  130  8:50  Pylon  
  130  8:51  Pylon  
  130  8:52  Photon Cannon  
  126  8:56  Pylon  
  126  9:03  Disruptor  
  129  9:13  Photon Cannon  
  129  9:15  Photon Cannon  
  129  9:17  Pylon  
  129  9:27  Disruptor  
  132  9:39  Disruptor  
  135  9:53  Probe  
  135  9:54  Probe x2  
  135  9:56  Assimilator  
  138  10:01  Assimilator  
  138  10:03  Stalker x2, Disruptor  
  138  10:04  Stalker x6  
  157  10:13  Photon Cannon  
  155  10:14  Disruptor  
  158  10:30  Stalker x4  
  158  10:31  Stalker x3  
  172  10:38  Disruptor  
Show
View Real Time Build Order
Export as new Build Order

AcerBly Zerg 

Build Orders: Hatch First 

Get SALT Encoding   

  12  0:01  Drone  
  13  0:12  Overlord  
  13  0:17  Drone  
  14  0:30  Drone x2  
  14  0:35  Drone  
  17  0:52  Hatchery  
  17  0:55  Drone  
  17  1:08  Spawning Pool  
  17  1:11  Drone  
  17  1:14  Drone  
  17  1:18  Drone  
  19  1:37  Hatchery  
  18  1:41  Drone  
  18  1:45  Drone  
  20  1:48  Extractor  
  19  1:55  Overlord  
  19  2:00  Queen  
  21  2:10  Queen  
  21  2:13  Drone  
  24  2:20  Drone x2  
  26  2:23  Drone  
  26  2:26  Drone  
  28  2:34  Zergling x4  
  28  2:37  Zergling x2  
  31  2:43  Zergling x2  
  32  2:49  Overlord  
  32  2:58  Lair  
  32  3:04  Drone x4  
  36  3:09  Overlord  
  36  3:15  Drone  
  36  3:16  Drone x2  
  38  3:28  Drone x4  
  38  3:29  Drone  
  38  3:33  Queen  
  44  3:41  Drone x4  
  48  3:49  Extractor  
  48  3:50  Extractor  
  47  3:55  Drone x3  
  47  3:56  Drone, Roach Warren  
  47  4:01  Overlord  
  49  4:11  Queen x2  
  53  4:19  Nydus Network  
  52  4:27  Queen  
  54  4:32  Overseer  
  54  4:37  Overlord x4  
  58  4:38  Roach x2  
  58  4:53  Overlord x2  
  58  5:03  Roach  
  58  5:04  Roach x6  
  72  5:07  Spore Crawler  
  70  5:17  Nydus Canal  
  70  5:23  Spore Crawler, Roach x2  
  70  5:24  Roach x2  
  71  5:43  Nydus Canal  
  71  5:49  Drone  
  65  5:50  Drone x11  
  65  5:56  Spore Crawler  
  66  6:04  Drone x4  
  66  6:10  Spore Crawler  
  66  6:11  Queen x2  
  73  6:19  Spore Crawler x2, Queen  
  73  6:22  Glial Reconstitution  
  68  6:36  Infestation Pit  
  67  6:41  Overlord  
  67  6:42  Overlord x2, Spore Crawler  
  67  6:43  Spore Crawler  
  65  6:48  Overlord  
  65  6:51  Overlord x2  
  63  7:02  Overlord  
  63  7:03  Overlord  
  63  7:12  Drone  
  63  7:13  Drone  
  63  7:14  Drone x7  
  63  7:15  Drone  
  73  7:19  Hive  
  73  7:21  Queen  
  73  7:22  Queen  
  75  7:24  Overlord  
  75  7:29  Spore Crawler  
  68  7:33  Drone x3  
  68  7:34  Drone  
  72  7:39  Drone x4  
  72  7:43  Drone x4  
  77  7:46  Drone x2  
  79  7:51  Extractor  
  79  7:56  Drone x3  
  81  8:06  Overlord  
  81  8:07  Hydralisk Den  
  81  8:09  Roach x2  
  84  8:16  Spore Crawler x2  
  84  8:18  Ravager  
  84  8:19  Ravager x6  
  87  8:33  Overlord, Roach x5  
  95  8:41  Extractor  
  95  8:42  Extractor, Queen x2  
  95  8:47  Overlord  
  96  8:51  Queen  
  94  9:05  Drone x3  
  94  9:06  Drone  
  96  9:11  Viper x2  
  96  9:14  Viper  
  96  9:16  Zergling x2  
  96  9:17  Zergling x14  
  112  9:18  Overlord  
  113  9:25  Overlord  
  113  9:29  Overlord x3  
  113  9:34  Overlord  
  113  9:36  Overlord, Queen x2  
  117  9:40  Metabolic Boost  
  117  9:41  Overlord  
  115  9:51  Queen  
  110  9:57  Ravager x2  
  112  10:04  Hydralisk x7  
  112  10:05  Ultralisk Cavern  
  125  10:12  Queen x2  
  125  10:13  Drone  
  130  10:31  Drone x3  
  130  10:32  Drone x6  
  122  10:57  Roach x9  

Tags
 
Add a new tag
Caveats
  • Supply blocks, unpowered buildings, or Contaminate may cause inaccurate times.
  • Supply counts are checked every 10 seconds.